 Dungeon Sprint DCSS version 0.29-a0-993-g4a18f31a58 (webtiles) character file.

Game seed: 11084615202224150571

497 Hubris850 the Destroyer (level 7, -9/36 HPs)
             Began as a Tengu Conjurer on Aug 2, 2022.
             Was an Elder of Vehumet.
             Mangled by a cane toad (25 damage)
             ... in the Dungeon (Sprint VII: "The Pits").
             The game lasted 00:05:23 (679 turns).

Hubris850 the Destroyer (Tengu Conjurer)             Turns: 679, Time: 00:05:23

Health: -9/36      AC:  2    Str:  7    XL:     7   Next: 15%
Magic:  16/20      EV: 14    Int: 21    God:    Vehumet [****..]
Gold:   0          SH:  0    Dex: 12    Spells: 13/23 levels left

rFire   . . .      SeeInvis .   l - +3 quarterstaff (protect)
rCold   . . .      Faith    .   (shield currently unavailable)
rNeg    . . .      Spirit   .   a - +0 robe
rPois   .          Reflect  .   (helmet restricted)
rElec   .          Harm     .   (no cloak)
rCorr   .          Rampage  .   (no gloves)
Will    .....      NoTele   +   (boots unavailable)
Stlth   ++........              (no amulet)
HPRegen 0.12/turn               (no ring)
MPRegen 0.17/turn               (no ring)

@: flying quickly and evasively, quick
A: beak, talons 3, nimble flight
a: Renounce Religion


You were in the Dungeon.
You worshipped Vehumet.
Vehumet was greatly pleased with you.
You visited 1 branch

Inventory:

Hand Weapons
 h - a +2 quarterstaff
 l - a +3 quarterstaff of protection (weapon)
Armour
 a - a +0 robe (worn)
Scrolls
 g - a scroll of blinking
 j - 5 scrolls of amnesia
 k - a scroll of summoning
Potions
 b - 5 potions of magic
 c - 6 potions of curing
 d - 6 potions of heal wounds
 e - a potion of haste
 f - 3 potions of berserk rage
 i - 2 potions of invisibility


   Skills:
 + Level 0.0 Fighting
 + Level 0.0 Staves
 + Level 2.2 Dodging
 - Level 2.0 Stealth
 - Level 8.8 Spellcasting
 - Level 13.2 Conjurations
 - Level 5.0 Hexes


You had 13 spell levels left.
You knew the following spells:

 Your Spells              Type           Power      Damage    Failure   Level
a - Magic Dart            Conj           100%       1d8       1%          1
b - Searing Ray           Conj           100%       2d8       1%          2
c - Fulminant Prism       Conj/Hex       23%        3d13      1%          4
d - Dazzling Flash        Conj/Hex       94%        N/A       1%          3

Your spell library contained the following spells:

 Spells                   Type           Power      Damage    Failure   Level
 Inner Flame              Hex/Fire       19%        N/A       2%          3
 Iskenderun's Mystic Bla  Conj/Tloc      37%        2d9       1%          4


Dungeon Overview and Level Annotations

Branches:
Dungeon (1/1)

Altars:
Ashenzari
Cheibriados
Dithmenos
Elyvilon
Fedhas
Gozag
Hepliaklqana
Kikubaaqudgha
Makhleb
Nemelex Xobeh
Okawaru
Qazlal
Ru
Sif Muna
Trog
Uskayaw
Vehumet
Wu Jian
Xom
Yredelemnul
Zin
The Shining One
Jiyva
Lugonu


Innate Abilities, Weirdness & Mutations

You have a beak for a mouth.
You have claws for feet.
Your magical nature lets you fly swiftly and evasively.


Message History

a +0 short sword; 4 stones
Casting: Searing Ray (safe; 1% risk of failure)
Confirm with . or Enter, or press ? or * to list all spells.
Okay, then.
Unknown command.
You reach down and open the door.
A quokka comes into view.
The magic dart hits the quokka.
The quokka is moderately wounded.
The quokka misses you.
The magic dart hits the quokka.
The quokka is severely wounded.
The quokka misses you.
The magic dart hits the quokka.
You kill the quokka!
Vehumet accepts your kill.
You feel your power returning.
You see here a quokka corpse.
There is an open door here.
You reach down and open the door.
A cane toad comes into view.
Casting: Magic Dart (safe; 1% risk of failure)
Confirm with . or Enter, or press ? or * to list all spells.
Okay, then.
Casting: Magic Dart (safe; 1% risk of failure)
Confirm with . or Enter, or press ? or * to list all spells.
Aiming: Searing Ray (safe; 1% risk of failure)
Press: ? - help, Shift-Dir - straight line, f - cane toad
Aim: a cane toad (asleep, 100% to hit)
The searing ray hits the cane toad!
The cane toad is moderately wounded.
The cane toad croaks. (Press . to maintain the ray.)
The cane toad stings you!!
Ouch! That really hurt!
The searing ray hits the cane toad!
The cane toad is heavily wounded.
The cane toad stings you!!
Ouch! That really hurt!
You die...

#.#........##.......#
#)###########.......#
#.......# #########
#..###..# #.......#
##.###.##+#
#.......#.+
#..###..#F#
#......†@.#
###########


You could see a cane toad.

Vanquished Creatures
  A floating eye (D)
  A black bear (D)
  A sky beast (D)
  A necrophage (D)
  A scorpion (D)
  A bullfrog (D)
  An adder (D)
  A river rat (D)
  An ufetubus (D)
  An adder zombie (D)
  A hobgoblin (D)
  2 jackals (D)
  A kobold (D)
  A quokka (D)
  A ball python (D)
  A rat (D)
17 creatures vanquished.

Notes
Turn   | Place    | Note
-------+----------+-------------------------------------------
     0 | D        | Hubris850 the Tengu Conjurer began the quest for the Orb.
     0 | D        | Reached XP level 1. HP: 10/10 MP: 4/4
    70 | D        | Found a glowing golden altar of the Shining One.
    70 | D        | Found a glowing silver altar of Zin.
    70 | D        | Found a basalt altar of Yredelemnul.
    70 | D        | Found a shimmering altar of Xom.
    70 | D        | Found an ornate altar of the Wu Jian Council.
    70 | D        | Found a bloodstained altar of Trog.
    70 | D        | Found a shimmering blue altar of Sif Muna.
    70 | D        | Found a sacrificial altar of Ru.
    70 | D        | Found a stormy altar of Qazlal.
    70 | D        | Found an iron altar of Okawaru.
    70 | D        | Found a sparkling altar of Nemelex Xobeh.
    70 | D        | Found a burning altar of Makhleb.
    70 | D        | Found a viscous altar of Jiyva.
    70 | D        | Found a hazy altar of Hepliaklqana.
    70 | D        | Found an opulent altar of Gozag.
    70 | D        | Found a blossoming altar of Fedhas.
    70 | D        | Found a white marble altar of Elyvilon.
    70 | D        | Found a shadowy altar of Dithmenos.
    70 | D        | Found a snail-covered altar of Cheibriados.
    71 | D        | Found a radiant altar of Vehumet.
    71 | D        | Found a corrupted altar of Lugonu.
    72 | D        | Found an ancient bone altar of Kikubaaqudgha.
    72 | D        | Found a hide-covered altar of Uskayaw.
    72 | D        | Found a broken altar of Ashenzari.
    79 | D        | Became a worshipper of Vehumet
    92 | D        | Noticed a floating eye
    96 | D        | Paralysed by a floating eye for 3 turns
   100 | D        | Killed a floating eye
   101 | D        | Reached skill level 9 in Conjurations
   101 | D        | Reached XP level 2. HP: 15/15 MP: 6/10
   101 | D        | Reached XP level 3. HP: 19/19 MP: 6/11
   101 | D        | Reached XP level 4. HP: 24/24 MP: 7/13
   104 | D        | Learned a level 2 spell: Searing Ray
   109 | D        | Learned a level 4 spell: Fulminant Prism
   152 | D        | Reached skill level 10 in Conjurations
   179 | D        | Reached * piety under Vehumet
   179 | D        | Offered knowledge of Freeze by Vehumet.
   180 | D        | Reached skill level 1 in Hexes
   180 | D        | Gained mutation: Your magical nature lets you fly swiftly
                  | and evasively. [Tengu growth]
   180 | D        | Reached XP level 5. HP: 22/28 MP: 8/14
   241 | D        | Reached ** piety under Vehumet
   242 | D        | Reached skill level 11 in Conjurations
   242 | D        | Reached XP level 6. HP: 20/32 MP: 9/17
   412 | D        | Learned a level 3 spell: Dazzling Flash
   438 | D        | Offered knowledge of Foxfire by Vehumet.
   443 | D        | Noticed a sky beast
   455 | D        | Killed a sky beast
   455 | D        | Reached *** piety under Vehumet
   456 | D        | Reached skill level 12 in Conjurations
   556 | D        | Offered knowledge of Inner Flame by Vehumet.
   612 | D        | Noticed a black bear
   623 | D        | Killed a black bear
   624 | D        | Reached skill level 13 in Conjurations
   624 | D        | Reached skill level 5 in Hexes
   624 | D        | Reached XP level 7. HP: 36/36 MP: 14/20
   624 | D        | Reached **** piety under Vehumet
   677 | D        | Noticed a cane toad
   679 | D        | Mangled by a cane toad

Illustrated notes

Levels and vault maps discovered:
D:        pitsprint [storerooms_1, entrance_room_1, metal_vault_6, armoury_1,
          mini_pit_1, grid_room_1, main_hall_1, silver_pit, the_coven_3,
          the_vestibule_1, steel_vault_5, golden_pit, hallway_of_sentries,
          crystal_vault_4, iron_vault_2, final_vault]

Skill      XL: |  1  2  3  4  5  6 |
---------------+-------------------+-----
Spellcasting   | 6 7 8 |  8.8
Conjurations   | 9 10 11 13 | 13.2
Hexes          | 1 3 5 |  5.0
Dodging        | |  2.2
Stealth        | |  2.0

Action                   |  1- 3 |  4- 6 |  7- 9 || total
-------------------------+-------+-------+-------++-------
Melee: Quarterstaff      |     3 |     5 |       ||     8
       Peck              |       |     2 |       ||     2
       Kick              |       |     1 |       ||     1
 Cast: Magic Dart        |     2 |    27 |     3 ||    32
       Searing Ray       |       |     3 |     1 ||     4
Dodge: Dodged            |       |    19 |     2 ||    21

Table legend: (Time is in decaauts)
 A = Elapsed time spent in this place.
 B = Non-inter-level travel time spent in this place.
 C = Inter-level travel time spent in this place.
 D = Time resting spent in this place.
 E = Time spent auto-exploring this place.
 F = Levels seen in this place.
 G = Mean time per level.
                   A        B        C        D        E       F      G
               +--------+--------+--------+--------+--------+-----+--------+
         Total |    669 |    669 |      0 |    422 |      0 |   1 |  669.0 |
       Dungeon |    669 |    669 |      0 |    422 |      0 |   1 |  669.0 |
               +--------+--------+--------+--------+--------+-----+--------+

Top non-repeatable levels by time:
       D: 669 daAuts
